 Dungeon Crawl Stone Soup version 0.29-a0-251-g80730f7218 (webtiles) character file.

Game seed: 3099627812257891784

7 spaghetti the Slasher (level 1, -1/13 HPs)
             Began as a Deep Elf Chaos Knight on Mar 5, 2022.
             Was a Plaything of Xom.
             Slain by a hobgoblin (5 damage)
             ... on level 1 of the Dungeon.
             The game lasted 00:01:01 (284 turns).

spaghetti the Slasher (Deep Elf Chaos Knight)        Turns: 284, Time: 00:01:02

Health: -1/13      AC:  5    Str:  9    XL:     1   Next: 91%
Magic:  3/3        EV: 12    Int: 16    God:    Xom [......]
Gold:   24         SH:  0    Dex: 14    Spells: 0/0 levels left

rFire   . . .      SeeInvis .   a - +0 falchion (chaos) {long}
rCold   . . .      Faith    .   (no shield)
rNeg    . . .      Spirit   .   b - +2 leather armour
rPois   .          Reflect  .   (no helmet)
rElec   .          Harm     .   (no cloak)
rCorr   .          Rampage  .   (no gloves)
Will    .....                   (no boots)
Stlth   +.........              (no amulet)
HPRegen 0.04/turn               (no ring)
MPRegen 0.08/turn               (no ring)

@: no status effects
A: no striking features
a: Renounce Religion


You were on level 1 of the Dungeon.
You worshipped Xom.
You were a very special plaything of Xom.
You visited 1 branch of the dungeon, and saw 1 of its levels.

You collected 24 gold pieces.


   Skills:
 + Level 2.6 Fighting
 - Level 3.0 Long Blades
 - Level 0.7 Armour
 - Level 2.4 Dodging


You couldn't memorise any spells.
You didn't know any spells.
Your spell library was empty.

Inventory:

Hand Weapons
 a - a +0 falchion of chaos (weapon) {long}
Missiles
 c - 28 stones (quivered) {throwing}
Armour
 b - a +2 leather armour (worn)

Dungeon Overview and Level Annotations

Branches:
Dungeon (1/15)

Altars:

Shops:
D:1 (*

Annotations:
D:1 2 transporters

#.##.# #.....#
..##.# ##..###
####.## #∩.###
###...#######....#
...)...........#.#
.##...###..#####.#
.##..## #..# #.#
.##.## #.∩# #g#
.##.# #..# #@#
.##.#####..# #.#
...........# #.#
###.######.# ..#
#.# #.# ..# #.#
#.# .... #.. ...
...# .# ..... .#


You could see a hobgoblin (berserk).


Message History

Unknown command.
There are no items here.
A goblin comes into view. It is wielding a +0 dagger.
A goblin is nearby!
A goblin is nearby!
The goblin shouts!
You hit the goblin. You freeze the goblin.
You kill the goblin!
No target in view!
No target in view!
No target in view!
No target in view!
No target in view!
No target in view!
No target in view!
No target in view!
No target in view!
You now have 24 gold pieces (gained 6).
Key pressed, stopping explore.
A frilled lizard comes into view.
A frilled lizard is nearby!
You enter the shallow water.
Moving in this stuff is going to be slow.
The frilled lizard barely misses you.
You hit the frilled lizard. You burn the frilled lizard.
You kill the frilled lizard!
No target in view!
No target in view!
No target in view!
No target in view!
No target in view!
No target in view!
No target in view!
No target in view!
No target in view!
No target in view!
No target in view!
No target in view!
The endoplasm hits the plant.
The plant begins to die.
The endoplasm hits the plant.
You see here a frilled lizard corpse.
The endoplasm hits the plant.
A nearby plant withers and dies.
You see here a frilled lizard corpse.
An endoplasm is nearby!
An endoplasm is nearby!
An endoplasm is nearby!
An endoplasm is nearby!
You hit the endoplasm. You burn the endoplasm. You barely miss the endoplasm.
The endoplasm barely misses you.
Your unstable footing causes you to fumble your attack.
The endoplasm barely misses you.
You barely miss the endoplasm. The endoplasm freezes you.
You are frozen.
The endoplasm freezes you.
You are frozen.
* * * LOW HITPOINT WARNING * * *
You are too injured to fight recklessly! 😨 HP[-8]
You take 8 damage, and now have 5/13 hp.
MASSIVE DAMAGE!! (PAUSE)
Your unstable footing causes you to fumble your attack.
The endoplasm misses you.
You aren't carrying any potions.
You aren't carrying any scrolls.
Unknown command. 😨 HP[+1]
A hobgoblin comes into view. 😮 HP[+1]
The hobgoblin shouts!
You hit the endoplasm. The endoplasm barely misses you.
The endoplasm hits you but does no damage.
You hit the endoplasm but do no damage.
The endoplasm hits you but does no damage.
You hit the endoplasm. You burn the endoplasm.
You kill the endoplasm!
The hobgoblin barely misses you.
You hit the hobgoblin.
The hobgoblin goes berserk!
Xom thinks this is hilarious!
The hobgoblin misses you.
Unknown command.
You hit the hobgoblin but do no damage.
The hobgoblin hits you but does no damage.
The hobgoblin barely misses you.
You hit the hobgoblin. You freeze the hobgoblin.
The hobgoblin closely misses you. The hobgoblin barely misses you.
You aren't carrying any scrolls.
You aren't carrying any potions.
You barely miss the hobgoblin. The hobgoblin hits you.
* * * LOW HITPOINT WARNING * * *
The hobgoblin misses you. 😨 HP[-3]
You take 3 damage, and now have 4/13 hp.
MASSIVE DAMAGE!! (PAUSE)
You closely miss the hobgoblin. The hobgoblin closely misses you.
The hobgoblin hits you.
You die... "Boring in life, boring in death..."

Skill      XL: |  1 |
---------------+----+-----
Long Blades    | 3 |  3.0
Fighting       | |  2.6
Armour         | |  0.7
Dodging        | |  2.4

Action                   || total
-------------------------++-------
Melee: Falchion          ||    23
 Stab: Paralysed         ||     1
Armor: Leather armour    ||     4
Dodge: Dodged            ||    14

Levels and vault maps discovered:
D:1:      spicycebolla_arrival_teleporter_tutorial, layout_loops_ring,
          serial_shops, nicolae_shop_statue_plus, shop, shop,
          hellmonk_ecumenical_altar_lost_god, nrook_campfire,
          serial_bayou_pond_c

Notes
Turn   | Place    | Note
-------+----------+-------------------------------------------
     0 | D:1      | spaghetti the Deep Elf Chaos Knight began the quest for the
                  | Orb.
     0 | D:1      | Reached XP level 1. HP: 13/13 MP: 3/3
     0 | D:1      | magus.rc [v1.9.6]
    17 | D:1      | Found Etogaith's Assorted Antiques.
    34 | D:1      | Reached skill level 3 in Long Blades
   165 | D:1      | Found Nikhlite's Weapon Shop.
   178 | D:1      | XOM: god gift: 18 gold pieces
   284 | D:1      | Slain by a hobgoblin

Vanquished Creatures
  A ball python (D:1)
  An endoplasm (D:1)
  A hobgoblin (D:1)
  A kobold (D:1)
  A frilled lizard (D:1)
  A goblin (D:1)
  A rat (D:1)
7 creatures vanquished.

Vanquished Creatures (others)
  A plant (D:1)
1 creature vanquished.

Grand Total: 8 creatures vanquished

Table legend:
 A = Non-vault XP
 B = Vault XP
 C = Vault XP percentage of total XP
 D = Non-vault monster count
 E = Vault monster count
 F = Vault count percentage of total count
                 A         B        C        D         E       F
            +---------+---------+-------+---------+---------+-------
      Total |      11 |       0 |   0.0 |       7 |       0 |   0.0
            +---------+---------+-------+---------+---------+-------
        D:1 |      11 |       0 |   0.0 |       7 |       0 |   0.0
            +---------+---------+-------+---------+---------+-------

Illustrated notes

Table legend:
 A = Kills in this place as a percentage of kills in entire the game.
 B = Kills by you in this place as a percentage of kills by you in the entire game.
 C = Kills by friends in this place as a percentage of kills by friends in the entire game.
 D = Other kills in this place as a percentage of other kills in the entire game.
 E = Experience gained in this place as a percentage of experience gained in the entire game.
 F = Experience gained in this place divided by the number of levels of this place that you have seen.
                   A       B       C       D       E      F
               +-------+-------+-------+-------+-------+----------------------
         Total | 100.0 | 100.0 |   N/A |   N/A | 100.0 |  11.0
       Dungeon | 100.0 | 100.0 |   N/A |   N/A | 100.0 |  11.0
               +-------+-------+-------+-------+-------+----------------------

Table legend: (Time is in decaauts)
 A = Elapsed time spent in this place.
 B = Non-inter-level travel time spent in this place.
 C = Inter-level travel time spent in this place.
 D = Time resting spent in this place.
 E = Time spent auto-exploring this place.
 F = Levels seen in this place.
 G = Mean time per level.
                   A        B        C        D        E       F      G
               +--------+--------+--------+--------+--------+-----+--------+
         Total |    293 |    293 |      0 |    113 |     82 |   1 |  293.0 |
       Dungeon |    293 |    293 |      0 |    113 |     82 |   1 |  293.0 |
               +--------+--------+--------+--------+--------+-----+--------+

Top non-repeatable levels by time:
     D:1: 293 daAuts
